 Dungeon Crawl Stone Soup version 0.17.0-24-gcfadda4 (console) character file.

250 gw the Bolt Thrower (level 6, -3/52 HPs)
             Began as a Hill Orc Hunter on Nov 15, 2015.
             Slain by Menkaure (17 damage)
             ... on level 4 of the Dungeon.
             The game lasted 00:03:52 (5061 turns).

gw the Bolt Thrower (Hill Orc Hunter)               Turns: 5061, Time: 00:03:52

Health: -3/52      AC:  6    Str: 15    XL:     6   Next: 13%
Magic:  6/6        EV:  9    Int: 11    God:
Gold:   138        SH:  0    Dex: 13    Spells: 0 memorised, 5 levels left

rFire  . . .     SeeInvis .     b - +0 hand axe
rCold  . . .     Clarity  .     c - +0 scale mail
rNeg   . . .     SustAt   .     (no shield)
rPois  .         Gourm    .     (no helmet)
rElec  .         Spirit   .     (no cloak)
rCorr  .         Warding  .     (no gloves)
rMut   +         Stasis   .     (no boots)
MR     +....                    f - amulet of resist mutation
Stlth  ..........               (no ring)
                                i - ring of protection from magic

@: somewhat resistant to hostile enchantments, extremely unstealthy
A: no striking features
a: no special abilities


You were on level 4 of the Dungeon.
You were not hungry.

You visited 1 branch of the dungeon, and saw 4 of its levels.

You collected 138 gold pieces.

Inventory:

Hand Weapons
 a - a +1 hand crossbow
 b - a +0 hand axe (weapon)
Missiles
 g - 7 bolts
Armour
 c - a +0 scale mail (worn)
Jewellery
 f - an amulet of resist mutation (around neck)
 i - a ring of protection from magic (left hand)
Wands
 j - a wand of magic darts (2)
Scrolls
 d - a scroll of remove curse
 k - 2 scrolls of identify
Potions
 h - a potion of poison {unknown}
 m - a potion of curing
Comestibles
 e - 6 bread rations
 l - a meat ration
 q - 4 fruits


   Skills:
 + Level 4.0 Fighting
 + Level 3.6 Axes
 * Level 4.8 Crossbows
 + Level 2.2 Armour
 - Level 1.5 Dodging
 - Level 0.7 Stealth


You had 5 spell levels left.
You didn't know any spells.

Dungeon Overview and Level Annotations

Branches:
Dungeon (4/15)
 Temple: D:4-7

Altars:
Kikubaaqudgha
Yredelemnul
Zin

Shops:
D:4 [*!=

Annotations:
D:3 1 runed door
D:4 Menkaure


Message History

You closely miss the adder.
The adder is severely wounded.
The adder bites you but does no damage. The adder misses you.
ATTACK MOVE TO (-1,1)
You hit the adder.
You kill the adder!
ATTACK MOVE TO (-1,-1) Menkaure calls on the powers of darkness!
Your body is wracked with pain!
ATTACK MOVE TO (0,-1) Menkaure points at you and mumbles some strange words.
Pain shoots through your body!
Found a glowing silver altar of Zin.
ATTACK MOVE TO (0,-1)
You barely miss Menkaure. Menkaure barely misses you.
ATTACK MOVE TO (0,-1)
You hit Menkaure.
Menkaure is lightly damaged.
Menkaure hits you. Menkaure hits you!
You die...

#...##...<...?........## ##.##...
....######.....####....###.###...
....# #.................# ####
...## #.....#.....##.#### ####
#.....#.###.##.# #
#.....#.###.##.# ####### #
#.........#.##.# #...... #
#.#####M#.#.##.# #....[. #
#.#####o#.#.##.# ######. #
#...........##.. #. #
#.##........# #. #......#.....# #
#. .......###.##.# #.# #.
.....\.._ #.# # #...#. ........#
#.# #.>.#. .##...... ..# #...##
#.#..# .# ####


You could see Menkaure.

Table legend:
 A = Turns spent in this place as a percentage of turns spent in the entire game.
 B = Non-inter-level travel turns spent in this place as a percentage of non-inter-level travel turns spent in the entire game.
 C = Inter-level travel turns spent in this place as a percentage of turns spent in this place.
 D = Turns resting spent in this place as a percentage of non-inter-level travel turns spent in this place.
 E = Turns spent auto-exploring this place as a percentage of non-inter-level travel turns spent in this place.
 F = Non-inter-level travel turns spent in this place divided by the number of levels of this place that you've seen.
                   A       B       C       D       E      F
               +-------+-------+-------+-------+-------+----------------------
         Total | 100.0 | 100.0 |   1.4 |   0.6 |   1.3 | 2742.5
       Dungeon | 100.0 | 100.0 |   1.4 |   0.6 |   1.3 | 2742.5
               +-------+-------+-------+-------+-------+----------------------

Table legend:
 A = Kills in this place as a percentage of kills in entire the game.
 B = Kills by you in this place as a percentage of kills by you in the entire game.
 C = Kills by friends in this place as a percentage of kills by friends in the entire game.
 D = Other kills in this place as a percentage of other kills in the entire game.
 E = Experience gained in this place as a percentage of experience gained in the entire game.
 F = Experience gained in this place divided by the number of levels of this place that you have seen.
                   A       B       C       D       E      F
               +-------+-------+-------+-------+-------+----------------------
         Total | 100.0 | 100.0 |  -nan |  -nan | 100.0 |  89.5
       Dungeon | 100.0 | 100.0 |  -nan |  -nan | 100.0 |  89.5
               +-------+-------+-------+-------+-------+----------------------

Vanquished Creatures
  A scorpion (D:4)
  Natasha (thrice) (D:2)
  9 adders
  An ooze (D:1)
  4 worms
  3 giant geckos
  An orc (D:4)
  9 bats
  8 giant cockroaches
  8 goblins
  3 hobgoblins (D:1)
  6 jackals
  A ball python (D:2)
  5 giant newts
  A jackal skeleton (D:3)
  9 kobolds
  3 rats
  3 rat zombies (D:3)
78 creatures vanquished.

Notes
Turn   | Place    | Note
--------------------------------------------------------------
     0 | D:1      | gw the Hill Orc Hunter began the quest for the Orb.
     0 | D:1      | Reached XP level 1. HP: 18/18 MP: 1/1
   249 | D:1      | Reached XP level 2. HP: 25/25 MP: 2/2
   375 | D:1      | Reached skill level 1 in Axes
   759 | D:1      | Reached skill level 1 in Armour
   831 | D:1      | Reached XP level 3. HP: 24/30 MP: 3/3
  1294 | D:2      | Noticed Natasha
  1308 | D:2      | Killed Natasha
  1308 | D:2      | Reached skill level 4 in Crossbows
  1631 | D:2      | Reached XP level 4. HP: 23/38 MP: 4/4
  1703 | D:2      | Noticed Natasha
  1711 | D:2      | Killed Natasha
  2090 | D:2      | Noticed Natasha
  2095 | D:2      | Killed Natasha
  3083 | D:3      | Reached XP level 5. HP: 43/46 MP: 5/5
  3226 | D:3      | Found a runed door.
  3226 | D:3      | Noticed a human
  3240 | D:3      | Found a basalt altar of Yredelemnul.
  3961 | D:3      | Found an ancient bone altar of Kikubaaqudgha.
  4118 | D:4      | Found Plog's Distillery.
  4127 | D:4      | Noticed Menkaure
  4383 | D:4      | Found Hikatuas's Armour Shoppe.
  4601 | D:4      | Found Fimpirghu's Jewellery Boutique.
  4896 | D:4      | Reached XP level 6. HP: 52/52 MP: 6/6
  4944 | D:4      | Noticed an ogre
  5043 | D:4      | Found Zin's Purification Station.
  5059 | D:4      | Found a glowing silver altar of Zin.
  5061 | D:4      | Slain by Menkaure

Action                   |  1- 3 |  4- 6 || total
-------------------------+-------+-------++-------
Melee: Hand axe          |    57 |   108 ||   165
 Fire: Hand crossbow     |    26 |    79 ||   105
Evoke: Wand              |       |     9 ||     9
  Use: Potion            |     4 |     5 ||     9
       Scroll            |     2 |     6 ||     8
 Stab: Sleeping          |     1 |       ||     1
  Eat: Chunk             |     2 |     7 ||     9
       Bread ration      |       |     1 ||     1

Vault maps used:
D:1:      dpeg_arrival_brainrot
D:2:      first_bread, uniq_natasha
D:3:      lemuel_zombie_altar_kikubaaqudgha, dk_yredelemnul_ordeal
D:4:      zin_purify, minmay_temple_entry_from_below_a, serial_shops,
          shop_fountains, shop_statue, nicolae_shop_crystal, trog_wizard,
          uniq_menkaure
